 Dungeon Crawl Stone Soup version 0.30-a0-632-g346586fe48 (webtiles) character file.

Game seed: 15863712531691219313

21 wormed the Grasshopper (level 2, -13/26 HPs)
             Began as a Gnoll Wanderer on Jan 14, 2023.
             Killed by an exploding kobold (37 damage)
             ... ignited by their inner flame
             ... on level 1 of the Dungeon.
             The game lasted 00:01:17 (780 turns).

wormed the Grasshopper (Gnoll Wanderer)              Turns: 780, Time: 00:01:17

Health: -13/26     AC:  2    Str: 15    XL:     2   Next: 87%
Magic:  5/5        EV: 11    Int: 14    God:
Gold:   46         SH:  6    Dex: 10    Spells: 5/6 levels left

rFire   . . .      SeeInvis .    a - +0 dagger
rCold   . . .      Faith    .    b - +1 buckler
rNeg    . . .      Spirit   .    d - +0 robe
rPois   .          Reflect  .    (no helmet)
rElec   .          Harm     .    (no cloak)
rCorr   .          Rampage  .    (no gloves)
Will    .....                    (no boots)
Stlth   +                        (no amulet)
HPRegen 0.24/turn                j - ring of wizardry
MPRegen 0.09/turn                i - +6 ring of strength

@: no status effects
A: fangs 1, strong nose, distributed training
a: no special abilities


You were on level 1 of the Dungeon.
You visited 1 branch of the dungeon, and saw 1 of its levels.

You collected 46 gold pieces.

Inventory:

Hand Weapons
 a - a +0 dagger (weapon)
Missiles
 f - 3 poisoned darts
Armour
 b - a +1 buckler (worn)
 d - a +0 robe (worn)
Jewellery
 i - a +6 ring of strength (right hand)
 j - a ring of wizardry (left hand)
Scrolls
 c - a scroll of teleportation
 g - a scroll of noise
Potions
 e - a potion of attraction
 h - 2 potions of curing


   Skills:
 + Level 4.5 Fighting
 + Level 0.5 Short Blades
 + Level 0.5 Long Blades
 + Level 0.5 Axes
 + Level 0.5 Maces & Flails
 + Level 0.5 Polearms
 + Level 0.5 Staves
 + Level 0.5 Ranged Weapons
 + Level 0.5 Throwing
 + Level 0.5 Armour
 + Level 0.5 Dodging
 + Level 0.5 Stealth
 + Level 6.5 Shields
 + Level 0.5 Unarmed Combat
 + Level 2.7 Spellcasting
 + Level 0.4 Conjurations
 + Level 0.4 Hexes
 + Level 0.4 Summonings
 + Level 0.4 Necromancy
 + Level 7.0 Translocations
 + Level 0.4 Transmutations
 + Level 0.4 Fire Magic
 + Level 0.4 Ice Magic
 + Level 0.4 Air Magic
 + Level 0.4 Earth Magic
 + Level 0.4 Poison Magic
 + Level 0.7 Invocations
 + Level 0.5 Evocations


You had 5 spell levels left.
You knew the following spells:

 Your Spells              Type           Power      Damage    Failure   Level
a - Apportation           Tloc           42%        N/A       1%          1

Your spell library contained the following spells:

 Spells                   Type           Power      Damage    Failure   Level
 Blink                    Tloc           42%        N/A       1%          2
 Lesser Beckoning         Tloc           42%        N/A       1%          3


Dungeon Overview and Level Annotations

Branches:
Dungeon (1/15)

Altars:


Innate Abilities, Weirdness & Mutations

You have very sharp teeth.
Your uncanny sense of smell can sniff out nearby items.
Your experience applies equally to all skills.


Message History

No target in view!
j - a ring of wizardry (left hand)
As you read the scroll labelled USUXTUISSO, it crumbles to dust.
It is a scroll of identify.
g - a scroll of noise
As you read the scroll labelled OTILIO XASCH, it crumbles to dust.
It is a scroll of enchant armour.
Your +0 buckler glows green for a moment.
f - 3 poisoned darts You see here a ball python skeleton.
You open the door.
There is an open door here.
You open the door.
There is an open door here.
Found 3 stones.
i - a +6 ring of strength You see here 3 stones.
You open the door.
There is an open door here.
k - a scroll labelled HAVYIZ ICIYDE You open the door.
A kobold comes into view. It is wielding a +0 dagger.
Found a faded altar of an unknown god.
A kobold is nearby!
You feel stronger.
i - a +6 ring of strength (right hand)
As you read the scroll labelled HAVYIZ ICIYDE, it crumbles to dust.
The creatures around you are filled with an inner flame!
It was a scroll of immolation.
There is an open door here.
You barely miss the kobold. The kobold hits you with a +0 dagger.
You hit the kobold.
Flame seeps out of the kobold.
The kobold is severely wounded.
You closely miss the kobold.
The kobold is severely wounded.
The kobold is engulfed in blazing flames.
The kobold explodes!
The fiery explosion engulfs you!!!
Ouch! That really hurt!
You die...

#.8.8.8.#.##
..8_8..... 8.8.8...#
8.8.... ∆ .....#
.§§§###.# #§○§....#
##@## # ##...## #. ###
##.....## #.##.##
##.......#
###.#...####.........#
.......(...'.........+
###.....####.........#
###..## ##.......##
#.## ##.....##


There were no monsters in sight!

Vanquished Creatures
  3 bats (D:1)
  3 endoplasms (D:1)
  2 giant cockroaches (D:1)
  3 hobgoblins (D:1)
  3 ball pythons (D:1)
  A frilled lizard (D:1)
  2 kobolds (D:1)
  5 rats (D:1)
22 creatures vanquished.

Notes
Turn   | Place    | Note
-------+----------+-------------------------------------------
     0 | D:1      | wormed the Gnoll Wanderer began the quest for the Orb.
     0 | D:1      | wormed set off with the following items: a +0 dagger, a +0
                  | buckler, a scroll of teleportation, a +0 robe, a potion of
                  | attraction; and the following spell memorised: Apportation;
                  | and the following spells available to memorise: Blink,
                  | Lesser Beckoning.
     0 | D:1      | Reached XP level 1. HP: 20/20 MP: 4/4
    73 | D:1      | Reached XP level 2. HP: 14/26 MP: 5/5
   774 | D:1      | Found a faded altar of an unknown god.
   780 | D:1      | Killed by an exploding kobold... ignited by their inner
                  | flame

Illustrated notes

Levels and vault maps discovered:
D:1:      mushboom_english_gardens, layout_loops_corners,
          chequers_ecumenical_altar_simple_redux

Action                   || total
-------------------------++-------
Melee: Dagger            ||   123
       Bite              ||     9
  Use: Potion            ||     1
       Scroll            ||     3
 Stab: Sleeping          ||     2
Armor: Robe              ||    25
Dodge: Dodged            ||    60
Block: Buckler           ||    34

Table legend: (Time is in decaauts)
 A = Elapsed time spent in this place.
 B = Non-inter-level travel time spent in this place.
 C = Inter-level travel time spent in this place.
 D = Time resting spent in this place.
 E = Time spent auto-exploring this place.
 F = Levels seen in this place.
 G = Mean time per level.
                   A        B        C        D        E       F      G
               +--------+--------+--------+--------+--------+-----+--------+
         Total |    780 |    780 |      0 |      0 |    576 |   1 |  780.0 |
       Dungeon |    780 |    780 |      0 |      0 |    576 |   1 |  780.0 |
               +--------+--------+--------+--------+--------+-----+--------+

Top non-repeatable levels by time:
     D:1: 780 daAuts
